 Dungeon Crawl Stone Soup version 0.20.1-1-g8b1a95d (webtiles) character file.

175 mopl the Skirmisher (level 5, 14/44 HPs)
             Began as a Formicid Wanderer on Sept 1, 2017.
             Quit the game on level 2 of the Dungeon.
             The game lasted 00:01:24 (702 turns).

mopl the Skirmisher (Formicid Wanderer)              Turns: 702, Time: 00:01:25

Health: 14/44      AC:  2    Str: 17    XL:     5   Next: 85%
Magic:  5/5        EV: 11    Int: 14    God:
Gold:   62         SH:  0    Dex:  8    Spells: 4/4 levels left

rFire    . . .     SeeInvis +   a - +2 shortbow
rCold    . . .     Gourm    .   (no shield)
rNeg     . . .     Faith    .   f - +0 robe
rPois    .         Spirit   .   (helmet unavailable)
rElec    .         Reflect  .   (no cloak)
rCorr    .         Harm     .   (no gloves)
MR       .....                  (no boots)
Stlth    +.........             (no amulet)
Regen    0.2/turn               (no ring)
MPRegen  0.1/turn               (no ring)

@: no status effects
A: permanent stasis, dig shafts and tunnels, four strong arms, antennae 3
a: Dig, Shaft Self


You were on level 2 of the Dungeon.
You were not hungry.

You visited 1 branch of the dungeon, and saw 2 of its levels.

You collected 62 gold pieces.

Inventory:

Hand Weapons
 a - a +2 shortbow (weapon)
 c - a +0 hand crossbow
Missiles
 b - 34 arrows (quivered)
 d - 50 bolts
Armour
 f - a +0 robe (worn)
Scrolls
 h - a scroll of teleportation {unknown}
 j - a scroll of identify {unknown}
 o - 2 scrolls of remove curse {unknown}
Potions
 e - 3 potions of curing
 k - 2 potions of mutation {unknown}
 l - a potion of degeneration {unknown}
 m - 2 potions of lignification {unknown}
 n - a potion of brilliance {unknown}
Comestibles
 g - 2 bread rations
 i - a meat ration


   Skills:
 + Level 5.2 Fighting
 - Level 2.4 Bows
 - Level 2.0 Throwing
 + Level 4.1 Armour
 - Level 1.0 Dodging


You had 4 spell levels left.
You didn't know any spells.

Dungeon Overview and Level Annotations

Branches:
Dungeon (2/15)

Altars:


Innate Abilities, Weirdness & Mutations

You cannot be hasted, slowed, berserked, paralysed or teleported.
You can dig through walls and to a lower floor.
Your four strong arms can wield two-handed weapons with a shield.
You have a pair of large antennae on your head. (SInv)


Message History

Your experience leads to an increase in your attributes!
Increase (S)trength, (I)ntelligence, or (D)exterity?
You feel agile.
You have reached level 4!
You feel clever.
You have reached level 5!
Found 13 gold pieces.
b - 28 arrows (gained 1);
k - 2 fizzy pink potions
Things that are here:
a vampiric scythe; a robe; the human corpse of Sigmund
b - 29 arrows (gained 1)
b - 30 arrows (gained 1)
Found 5 gold pieces.
b - 31 arrows (gained 1)
b - 32 arrows (gained 1)
b - 34 arrows (gained 2)
You now have 57 gold pieces (gained 13).
Found a chain mail.
You now have 62 gold pieces (gained 5).
Are you sure you want to abandon this character and quit the game? (Confirm with "yes".)

####### .......
####.[...# .......
#####.......<# ≈..≈..≈
.............# .≈..≈≈≈
#.............# ≈≈≈≈≈≈≈
{..............# ≈≈≈≈≈≈≈
...............
≈≈≈≈≈≈.##.# #...[......
♣≈≈≈≈.@..# #..........
♣≈≈≈.≈#.### #..........
♣≈≈≈≈≈....###..........
≈≈≈≈≈≈≈.##...#....).....
≈≈≈≈≈≈..####.##.#..#####
≈≈≈≈≈.≈............#
≈≈.≈≈..####.....#<.#
≈......#........#.##
.................###


There were no monsters in sight!

Vanquished Creatures
  Sigmund (D:2)
  A dart slug (D:1)
  A leopard gecko (D:1)
  2 bats (D:1)
  2 giant cockroaches (D:1)
  2 goblins (D:1)
  2 hobgoblins (D:1)
  2 kobolds (D:1)
  2 rats (D:1)
15 creatures vanquished.

Notes
Turn   | Place    | Note
-------+----------+-------------------------------------------
     0 | D:1      | mopl the Formicid Wanderer began the quest for the Orb.
     0 | D:1      | mopl set off with: a +2 shortbow, 29 arrows, a +0 hand crossbow, 25 bolts, a potion of curing, a +0 robe, a bread ration
     0 | D:1      | Reached XP level 1. HP: 18/18 MP: 1/1
   179 | D:1      | Reached XP level 2. HP: 23/24 MP: 2/2
   246 | D:1      | Reached skill level 2 in Armour
   665 | D:2      | Noticed Sigmund
   673 | D:2      | Killed Sigmund
   673 | D:2      | Reached skill level 5 in Fighting
   673 | D:2      | Reached skill level 4 in Armour
   673 | D:2      | Reached XP level 3. HP: 7/33 MP: 3/3
   673 | D:2      | Reached XP level 4. HP: 8/39 MP: 4/4
   673 | D:2      | Reached XP level 5. HP: 10/44 MP: 5/5
   702 | D:2      | Quit the game

Skill      XL: |  1  2 |
---------------+-------+-----
Armour         | 4 |  4.1
Fighting       | 5 |  5.2
Bows           | |  2.4
Throwing       | |  2.0
Dodging        | |  1.0

Action                   |  1- 3 |  4- 6 || total
-------------------------+-------+-------++-------
 Fire: Shortbow          |    52 |       ||    52
Armor: Robe              |     3 |       ||     3
Dodge: Dodged            |    13 |       ||    13
